 Dungeon Crawl Stone Soup version 0.28-a0-1520-gc3277d3 (webtiles) character file.

Game seed: 6263462419184612136

2419 Illumine the Destroyer (level 9, -9/54 HPs)
             Began as a Tengu Conjurer on Jan 17, 2022.
             Was a Believer of Vehumet.
             Mangled by a wyvern (12 damage)
             ... on level 7 of the Dungeon.
             The game lasted 00:13:41 (7987 turns).

Illumine the Destroyer (Tengu Conjurer)             Turns: 7987, Time: 00:13:42

Health: -9/54      AC:  5    Str:  8    XL:     9   Next: 48%
Magic:  1/19       EV: 14    Int: 23    God:    Vehumet [**....]
Gold:   229        SH:  0    Dex: 12    Spells: 11/21 levels left

rFire   + . .      SeeInvis .   a - +6 dagger
rCold   . . .      Faith    .   (no shield)
rNeg    . . .      Spirit   .   m - +2 leather armour {rF+}
rPois   .          Reflect  .   (helmet restricted)
rElec   .          Harm     .   (no cloak)
rCorr   .          Rampage  .   (no gloves)
Will    .....                   (boots unavailable)
Stlth   ++........              (no amulet)
HPRegen 0.18/turn               (no ring)
MPRegen 0.16/turn               (no ring)

@: flying quickly and evasively, quick
A: beak, talons 3, nimble flight
a: Renounce Religion


You were on level 7 of the Dungeon.
You worshipped Vehumet.
Vehumet was pleased with you.
You visited 1 branch of the dungeon, and saw 8 of its levels.

You collected 265 gold pieces.
You spent 36 gold pieces at shops.

Inventory:

Hand Weapons
 a - a +6 dagger (weapon)
Missiles
 g - 3 silver javelins
Armour
 m - a +2 leather armour of fire resistance (worn)
Magical Staves
 h - a staff of earth
 s - a staff of death
Scrolls
 c - 2 scrolls of fear
 d - 4 scrolls of teleportation
 i - a scroll of noise
 j - a scroll of fog
 n - a scroll of holy word {unknown}
 q - a scroll of enchant armour {unknown}
 t - a scroll of enchant weapon {unknown}
Potions
 b - 2 potions of curing
 e - a potion of magic {unknown}
 f - 2 potions of lignification
 k - a potion of haste
 l - 2 potions of cancellation
 o - 2 potions of heal wounds
 p - a potion of might {unknown}
 r - a potion of mutation {unknown}


   Skills:
 + Level 5.3 Fighting
 - Level 0.2 Short Blades
 - Level 4.0 Armour
 + Level 3.0 Dodging
 - Level 2.0 Stealth
 + Level 6.5 Spellcasting
 + Level 10.8 Conjurations
 + Level 2.0 Fire Magic
 - Level 1.0 Earth Magic


You had 11 spell levels left.
You knew the following spells:

 Your Spells              Type           Power      Damage    Failure   Level
a - Magic Dart            Conj           100%       1d8       1%          1
b - Searing Ray           Conj           100%       2d8       1%          2
c - Sandblast             Erth           24%        2d8       8%          1
d - Iskenderun's Mystic   Conj/Tloc      32%        2d8       12%         4
e - Scorch                Fire           32%        2d6       8%          2

Your spell library contained the following spells:

 Spells                   Type           Power      Damage    Failure   Level
 Dazzling Flash           Conj/Hex       64%        N/A       3%          3
 Fulminant Prism          Conj/Hex       16%        3d11      12%         4


Dungeon Overview and Level Annotations

Branches:
Dungeon (8/15)             Temple (0/1) D:4
   Lair: D:8-11

Altars:
Cheibriados
Gozag
Okawaru
Vehumet

Shops:
D:2 !

Annotations:
D:7 Dowan, Prince Ribbit


Innate Abilities, Weirdness & Mutations

You have a beak for a mouth.
You have claws for feet.
Your magical nature lets you fly swiftly and evasively.


Message History

The searing ray hits the wyvern but does no damage. (Press . to maintain the ray.)
The searing ray hits the wyvern!
The wyvern is moderately wounded.
The wyvern barely misses you.
The searing ray hits the wyvern.
The wyvern is moderately wounded.
The wyvern closely misses you. The wyvern barely misses you.
The searing ray hits the wyvern.
The wyvern is heavily wounded.
You finish channelling your searing ray.
The wyvern bites you!
Casting: Searing Ray (safe; 1% risk of failure)
Confirm with . or Enter, or press ? or * to list all spells.
You don't know that spell.
Casting: Searing Ray (safe; 1% risk of failure)
Confirm with . or Enter, or press ? or * to list all spells.
Okay, then.
Casting: Searing Ray (safe; 1% risk of failure)
Confirm with . or Enter, or press ? or * to list all spells.
Flames lash the wyvern.
The wyvern is heavily wounded.
The wyvern's fire resistance burns away.
The wyvern bites you. The wyvern bites you!
Unknown command.
Casting: Scorch (safe; 8% risk of failure)
Confirm with . or Enter, or press ? or * to list all spells.
Flames lash the wyvern.
The wyvern is burned terribly!
The wyvern is severely wounded.
The wyvern bites you!
* * * LOW HITPOINT WARNING * * *
Unknown command.
Casting: Scorch (safe; 8% risk of failure)
Confirm with . or Enter, or press ? or * to list all spells.
Flames lash the wyvern.
The wyvern is burned terribly!
The wyvern is almost dead.
The wyvern bites you.
* * * LOW HITPOINT WARNING * * *
The wyvern bites you!
You die...

....#. ..... ....# ...
... #.# #l# #@# #.#
##+## #.# ##...##
#.#### ##.....##
#....# #.......##
##.##.#
#.........####...#.###
+.........+...........
#.....)...####.....###
##.......## #......#


You could see a wyvern (combustible).

Vanquished Creatures
  Sigmund (D:4)
  2 water moccasins
  2 ogres (D:6)
  3 necrophages (D:6)
  A phantom (D:5)
  2 kobold brigands
  A bullfrog (D:6)
  3 scorpions
  3 howler monkeys
  4 wights (D:6)
  2 hounds
  3 bullfrog zombies
  A centaur skeleton (D:5)
  4 jellies
  3 orc priests
  2 iguanas
  5 orc wizards
  A killer bee zombie (D:5)
  A hound skeleton (D:4)
  A howler monkey skeleton (D:7)
  7 adders
  4 gnolls (D:5)
  A shadow imp (D:5)
  A white imp (D:6)
  2 ufetubi
  An adder skeleton (D:4)
  2 worms
  3 dart slugs
  13 orcs
  5 ball pythons
  10 bats
  5 endoplasms
  2 giant cockroaches
  10 goblins
  17 hobgoblins
  4 jackals (D:3)
  4 quokkas
  2 frilled lizards (D:1)
  16 kobolds
  7 rats
161 creatures vanquished.

Vanquished Creatures (others)
  A quokka (D:7)
1 creature vanquished.

Grand Total: 162 creatures vanquished

Notes
Turn   | Place    | Note
-------+----------+-------------------------------------------
     0 | D:1      | Illumine the Tengu Conjurer began the quest for the Orb.
     0 | D:1      | Reached XP level 1. HP: 10/10 MP: 4/4
   229 | D:1      | Reached XP level 2. HP: 15/15 MP: 1/6
   232 | D:1      | Learned a level 2 spell: Searing Ray
   384 | D:1      | Reached skill level 6 in Conjurations
  1044 | D:1      | Reached XP level 3. HP: 19/19 MP: 5/7
  2094 | D:2      | Found Jinuosyh's Distillery.
  2111 | D:2      | Bought a potion of curing for 36 gold pieces
  2112 | D:2      | Reached XP level 4. HP: 19/24 MP: 1/8
  2950 | D:3      | Reached skill level 7 in Conjurations
  2995 | D:3      | Gained mutation: Your magical nature lets you fly swiftly
                  | and evasively. [Tengu growth]
  2995 | D:3      | Reached XP level 5. HP: 28/28 MP: 3/10
  3112 | D:3      | Found an iron altar of Okawaru.
  3392 | D:3      | Found a radiant altar of Vehumet.
  3404 | D:3      | Became a worshipper of Vehumet
  3651 | D:3      | Reached XP level 6. HP: 32/32 MP: 10/12
  3951 | D:4      | Reached skill level 8 in Conjurations
  4103 | D:4      | Noticed a black bear
  4872 | D:4      | Noticed Sigmund
  4879 | D:4      | Killed Sigmund
  4880 | D:4      | Reached skill level 1 in Fighting
  4880 | D:4      | Reached skill level 1 in Armour
  4880 | D:4      | Reached XP level 7. HP: 10/39 MP: 4/14
  5110 | D:4      | Found a staircase to the Ecumenical Temple.
  5265 | D:5      | Entered Level 5 of the Dungeon
  5273 | D:5      | Found an opulent altar of Gozag.
  5281 | D:5      | Reached * piety under Vehumet
  5281 | D:5      | Offered knowledge of Sandblast by Vehumet.
  5287 | D:5      | Learned a level 1 spell: Sandblast
  5471 | D:5      | Reached skill level 9 in Conjurations
  5552 | D:5      | Reached XP level 8. HP: 45/45 MP: 9/16
  5667 | D:5      | Reached skill level 5 in Spellcasting
  5667 | D:5      | Reached skill level 1 in Earth Magic
  6415 | D:5      | Learned a level 4 spell: Iskenderun's Mystic Blast
  6653 | D:6      | Reached skill level 10 in Conjurations
  6916 | D:6      | Reached XP level 9. HP: 52/52 MP: 14/18
  7106 | D:6      | Offered knowledge of Scorch by Vehumet.
  7137 | D:6      | Learned a level 2 spell: Scorch
  7216 | D:6      | Reached ** piety under Vehumet
  7381 | D:6      | Reached skill level 5 in Fighting
  7381 | D:6      | Reached skill level 1 in Fire Magic
  7630 | D:6      | Found a snail-covered altar of Cheibriados.
  7846 | D:7      | Noticed Prince Ribbit
  7940 | D:7      | Noticed Dowan
  7987 | D:7      | Mangled by a wyvern

Illustrated notes

Levels and vault maps discovered:
D:1:      minmay_arrival_cross, layout_basic
D:2:      layout_loops_cross, serial_shops, shop, item_on_display_a
D:3:      layout_basic, mainiacjoe_overflow_24_doors, nicolae_vehumet_radiance,
          hangedman_decor_growths
D:4:      layout_loops_ring, minmay_temple_entry_slanted, uniq_sigmund
D:5:      layout_rooms, nicolae_overflow_crystal_walls
D:6:      layout_basic, mainiacjoe_overflow_alcove_4,
          chequers_serial_rivers_marsh
D:7:      layout_loops_corners, elyvilon_altar_4, uniq_duvessa,
          uniq_prince_ribbit1
D:8:      layout_loops_ring, uniq_psyche

Skill      XL: |  1  2  3  4  5  6  7  8  9 |
---------------+----------------------------+-----
Conjurations   | 6 7 8 9 10 | 10.8
Spellcasting   | 3 4 5 6 |  6.5
Fighting       | 1 2 4 5 |  5.3
Armour         | 1 3 4 |  4.0
Earth Magic    | 1 |  1.0
Fire Magic     | 2 |  2.0
Dodging        | 3 |  3.0
Short Blades   | |  0.2
Stealth        | |  2.0

Action                   |  1- 3 |  4- 6 |  7- 9 || total
-------------------------+-------+-------+-------++-------
Melee: Rapier            |     9 |     7 |     3 ||    19
       Kick              |     1 |     2 |     1 ||     4
       Peck              |     1 |     1 |     1 ||     3
       Dagger            |       |       |     2 ||     2
 Cast: Magic Dart        |    84 |    52 |    89 ||   225
       Searing Ray       |     2 |    17 |    44 ||    63
       Scorch            |       |       |     3 ||     3
  Use: Scroll            |       |     5 |     3 ||     8
 Stab: Sleeping          |     2 |     1 |       ||     3
Armor: Robe              |     4 |     2 |     4 ||    10
       Leather armour    |       |       |     9 ||     9
Dodge: Dodged            |    12 |    39 |    46 ||    97

Table legend: (Time is in decaauts)
 A = Elapsed time spent in this place.
 B = Non-inter-level travel time spent in this place.
 C = Inter-level travel time spent in this place.
 D = Time resting spent in this place.
 E = Time spent auto-exploring this place.
 F = Levels seen in this place.
 G = Mean time per level.
                   A        B        C        D        E       F      G
               +--------+--------+--------+--------+--------+-----+--------+
         Total |   7783 |   7689 |     94 |   2379 |   4013 |   8 |  972.9 |
       Dungeon |   7783 |   7689 |     94 |   2379 |   4013 |   8 |  972.9 |
               +--------+--------+--------+--------+--------+-----+--------+

Top non-repeatable levels by time:
     D:1: 1828 daAuts
     D:3: 1455 daAuts
     D:6: 1203 daAuts
     D:4: 1090 daAuts
     D:5: 1036 daAuts
     D:2: 874 daAuts
     D:7: 287 daAuts
     D:8: 6 daAuts
